 Dungeon Crawl Stone Soup version 0.24.0-125-gc4c63601f3 (webtiles) character file.

Game seed: 16456036326805618059, levelgen mode: deterministic

5 Descartes the Magician (level 1, -1/7 HPs)
             Began as a Felid Wanderer on Feb 21, 2020.
             Slain by a jackal (3 damage)
             ... on level 1 of the Dungeon.
             The game lasted 00:01:27 (176 turns).

Descartes the Magician (Felid Wanderer)              Turns: 176, Time: 00:01:27

Health: -1/7       AC:  1    Str:  9    XL:     1   Next: 66%
Magic:  5/5        EV: 15    Int: 11    God:
Gold:   8          SH:  0    Dex: 16    Spells: 5/6 levels left
                                        Lives:  0   Deaths: 0

rFire    . . .     SeeInvis +   (weapon unavailable)
rCold    . . .     Gourm    .   (shield unavailable)
rNeg     . . .     Faith    .   (armour unavailable)
rPois    .         Spirit   .   (helmet unavailable)
rElec    .         Reflect  .   (cloak unavailable)
rCorr    .         Harm     .   (gloves unavailable)
MR       .....                  (boots unavailable)
Stlth    +++.......             (no amulet)
HPRegen  0.02/turn              (no ring)
MPRegen  0.09/turn              (no ring)

@: quick
A: very small, no armour, no weapons or thrown items, stealth, claws 1, fangs 3,
see invisible, carnivore, speed 1, shaggy fur 1, slow metabolism 1, sharp paws
a: no special abilities


You were on level 1 of the Dungeon.
You were not hungry.

You visited 1 branch of the dungeon, and saw 1 of its levels.

You collected 8 gold pieces.

Inventory:

Jewellery
 b - an uncursed ring of stealth {unknown}
Scrolls
 a - 2 scrolls of noise {unknown}
Comestibles
 d - a ration


   Skills:
 + Level 0.4 Dodging
 + Level 2.8 Stealth
 * Level 0.4 Unarmed Combat
 + Level 3.1 Spellcasting
   Level 3.0 Necromancy
   Level 1.7 Fire Magic


You had 5 spell levels left.
You knew the following spells:

 Your Spells              Type           Power        Failure   Level  Hunger
a - Sandblast             Erth           #.....       26%         1    #......

Your spell library contained the following spells:

 Spells                   Type           Power        Failure   Level  Hunger
 Animate Skeleton         Necr           N/A          8%          1    #......
 Pain                     Necr           #...         8%          1    #......
 Corpse Rot               Necr           N/A          12%         2    ###....
 Sublimation of Blood     Necr           #.........   12%         2    ###....
 Vampiric Draining        Necr           #.........   22%         3    ###....
 Regeneration             Chrm/Necr      #.........   38%         3    ###....
 Animate Dead             Necr           N/A          58%         4    #####..
 Stone Arrow              Conj/Erth      #.....       61%         3    ###....


Dungeon Overview and Level Annotations

Branches:
Dungeon (1/15)

Altars:


Innate Abilities, Weirdness & Mutations

You cannot wear armour.
You are incapable of wielding weapons or throwing items.
Your paws allow you to move quietly. (Stealth)
You have sharp claws.
You have razor-sharp teeth.
You have supernaturally acute eyesight. (SInv)
You are carnivorous and can eat meat at any time.
You cover ground quickly.
You are covered in fur. (AC +1)
You have a slow metabolism.
Your sharp claws are effective at attacking unaware monsters.


Message History

The jackal is severely wounded.
The jackal bites you.
You barely miss the jackal.
The jackal is severely wounded.
The jackal bites you.
* * * LOW HITPOINT WARNING * * *
You are too injured to fight recklessly!
You are too injured to fight recklessly!
You are too injured to fight recklessly!
You are too injured to fight recklessly!
You are too injured to fight recklessly!
You are too injured to fight recklessly!
You are too injured to fight recklessly!
You scratch the jackal.
You kill the jackal!
The jackal barely misses you.
You scratch the jackal.
The jackal is severely wounded.
The jackal bites you.
You die...

#........'..#
#........#..#
##########..#
.........# ##
#######..######
.#
#...........#
.#
###########.#
.###########
#.#
......รท....#
#@#
#.########.#
#h# .##
#.#####.## #
#.........
#..####### #
#..#
.#########..#
#.#.........#
..#.#######.#


You could see a jackal.

Vanquished Creatures
  A bat (D:1)
  2 jackals (D:1)
  A kobold (D:1)
4 creatures vanquished.

Notes
Turn   | Place    | Note
-------+----------+-------------------------------------------
     0 | D:1      | Descartes the Felid Wanderer began the quest for the Orb.
     0 | D:1      | Descartes set off with the following items: a ration; and
                  | the following spells available to memorise: Animate
                  | Skeleton, Pain, Corpse Rot, Sublimation of Blood, Vampiric
                  | Draining, Sandblast, Regeneration, Animate Dead, Stone
                  | Arrow
     0 | D:1      | Reached XP level 1. HP: 7/7 MP: 5/5
    17 | D:1      | Learned a level 1 spell: Sandblast
   176 | D:1      | Slain by a jackal

Levels and vault maps discovered:
D:1:      minmay_arrival_diagonal_passages, layout_basic, minivault_25,
          chequers_big_river, minmay_misc_feat_diagonals

Action                   || total
-------------------------++-------
Melee: Unarmed           ||    14
       Bite              ||     1
 Stab: Sleeping          ||     2
  Eat: Chunk             ||     1
Dodge: Dodged            ||    11
